 Dungeon Crawl Stone Soup version 0.27.1-15-g792fb953b9 (webtiles) character file.

Game seed: 13728559553693830557

4 zeram the Sneak (level 1, -2/14 HPs)
             Began as an Octopode Brigand on Nov 19, 2021.
             Slain by a frilled lizard (3 damage)
             ... on level 1 of the Dungeon.
             The game lasted 00:00:18 (38 turns).

zeram the Sneak (Octopode Brigand)                    Turns: 38, Time: 00:00:19

Health: -2/14      AC:  1    Str: 10    XL:     1   Next: 70%
Magic:  1/1        EV: 12    Int: 13    God:
Gold:   0          SH:  0    Dex: 13    Spells: 0/0 levels left

rFire    . . .     SeeInvis .   a - +2 dagger
rCold    . . .     Faith    .   (no shield)
rNeg     . . .     Spirit   .   (helmet restricted)
rPois    .         Reflect  .   (no amulet)
rElec    .         Harm     .   (no ring)
rCorr    .         Rampage  .   (no ring)
Will     .....                  (no ring)
Stlth    ++++......             (no ring)
HPRegen  0.04/turn              (no ring)
MPRegen  0.07/turn              (no ring)
                                (no ring)
                                (no ring)

@: no status effects
A: almost no armour, amphibious, 8 rings, camouflage 1, gelatinous body 1,
(nimble swimmer 1), tentacles
a: no special abilities


You were on level 1 of the Dungeon.
You visited 1 branch of the dungeon, and saw 1 of its levels.

Inventory:

Hand Weapons
 a - a +2 dagger (weapon)
Missiles
 b - 8 poisoned darts (quivered)
 c - 2 curare-tipped darts


   Skills:
 - Level 2.0 Fighting
 + Level 2.0 Short Blades
 - Level 2.0 Throwing
 + Level 1.0 Dodging
 + Level 5.7 Stealth


You couldn't memorise any spells.
You didn't know any spells.
Your spell library was empty.

Dungeon Overview and Level Annotations

Branches:
Dungeon (1/15)

Altars:


Innate Abilities, Weirdness & Mutations

You cannot wear most types of armour.
You are amphibious.
You can wear up to eight rings at the same time.
Your skin changes colour to match your surroundings (Stealth+).
Your rubbery body absorbs attacks. (AC +1, EV +1)
((You are camouflaged near water. (Stealth+)))
You have tentacles for arms and can constrict up to eight enemies at once.


Message History

A goblin comes into view. It is wielding a +0 club.
Found a scroll labelled XEUXYE SUFIPP.
The helpless bat fails to defend itself.
You impale the bat!!
You kill the bat! 2 bats come into view.
Found 19 stones.
A hobgoblin comes into view.
Found a throwing net.
A kobold comes into view. It is wielding a +0 short sword.
The frilled lizard hisses angrily.
The kobold shouts!
The hobgoblin shouts!
You hear a shout!
The goblin shouts!
The goblin hits you but does no damage. The bat hits you but does no damage.
You hit the bat.
You kill the bat!
A bat comes into view.
The goblin hits you with a +0 club.
You closely miss the goblin. You grab the goblin. You squeeze the goblin.
The goblin is moderately wounded.
You constrict the goblin. The goblin barely misses you.
You hit the goblin.
You kill the goblin!
The hobgoblin closely misses you.
You barely miss the bat. Your grab misses the bat. You squeeze the bat.
The bat is moderately wounded.
The bat hits you.
The frilled lizard hisses.
The hobgoblin hits you.
You are too injured to fight recklessly!
You are too injured to fight recklessly!
Unknown command.
You closely miss the frilled lizard. You grab the frilled lizard.
You constrict the frilled lizard. The bat hits you.
The frilled lizard misses you. The hobgoblin hits you.
* * * LOW HITPOINT WARNING * * *
You release your grip on the frilled lizard.
The bat closely misses you. The frilled lizard misses you.
The frilled lizard bites you.
You die...

# #... ......# #..?......#
.##..........###.........#
..#..>......)##..........#
...... .b...##.........##
###...# ##...............#
......###..#.#...b.......#
.8..!..)..##.†....K......#
8.8.............@.g).(...#
_8..#.##.####....l........
8.8...................(.##
.8....##...............##
......####..........###..
......# #...........# ##
####..# #............#
...'..# #.............
..##...#


You could see a hobgoblin, 2 bats, a kobold and a frilled lizard.

Vanquished Creatures
  A goblin (D:1)
  A kobold (D:1)
  2 bats (D:1)
4 creatures vanquished.

Notes
Turn   | Place    | Note
-------+----------+-------------------------------------------
     0 | D:1      | zeram the Octopode Brigand began the quest for the Orb.
     0 | D:1      | Reached XP level 1. HP: 14/14 MP: 1/1
    10 | D:1      | Found a faded altar of an unknown god.
    38 | D:1      | Slain by a frilled lizard

Illustrated notes

Levels and vault maps discovered:
D:1:      tarquinn_simple_flora_water_b, layout_rooms,
          chequers_ecumenical_altar_simple_redux, serial_shops, shop

Action                   || total
-------------------------++-------
Melee: Dagger            ||     7
       Constrict         ||     2
       Tentacles         ||     2
 Stab: Sleeping          ||     2
Armor: Skin              ||     2
Dodge: Dodged            ||     5
